 Dungeon Crawl Stone Soup version 0.29.0-4-gdea44cf6ec (webtiles) character file.

Game seed: 1621307423937494789

139 qw the Chopper (level 5, 0/42 HPs)
             Began as a Demonspawn Cinder Acolyte on Sept 9, 2022.
             Was an Elder of Ignis.
             Succumbed to an orc wizard's poison
             ... on level 4 of the Dungeon.
             The game lasted 00:00:52 (3264 turns).

qw the Chopper (Demonspawn Cinder Acolyte)          Turns: 3264, Time: 00:00:53

Health: 0/42       AC: 15    Str: 16    XL:     5   Next: 1%
Magic:  6/6        EV:  9    Int: 15    God:    Ignis [****..]
Gold:   199        SH:  0    Dex:  9    Spells: 6/6 levels left

rFire   + . .      SeeInvis .   Y - +0 war axe
rCold   . . .      Faith    .   (no shield)
rNeg    . . .      Spirit   .   h - +0 scale mail
rPois   .          Reflect  .   (no helmet)
rElec   .          Harm     .   (no cloak)
rCorr   .          Rampage  .   e - +0 pair of gloves
Will    .....                   (no boots)
Stlth   ..........              (no amulet)
HPRegen 0.14/turn               (no ring)
MPRegen 0.10/turn               (no ring)

@: lethally poisoned (0 -> -9), about to teleport, fiery-armoured
A: rugged brown scales 1, demonic touch 2
a: Renounce Religion, Fiery Armour, Foxfire Swarm, Rising Flame


You were on level 4 of the Dungeon.
You worshipped Ignis.
Ignis was greatly pleased with you.
You visited 1 branch of the dungeon, and saw 4 of its levels.

You collected 199 gold pieces.


Innate Abilities, Weirdness & Mutations

You are partially covered in rugged brown scales. (AC +1, +3% HP)
Your touch may inflict irresistible damage on your foes.


   Skills:
 - Level 3.0 Fighting
 + Level 4.9 Axes
 - Level 1.0 Armour
 - Level 0.6 Dodging
 - Level 1.0 Spellcasting
 - Level 2.6 Fire Magic


You had 6 spell levels left.
You didn't know any spells.
Your spell library contained the following spells:

 Spells                   Type           Power      Damage    Failure   Level
 Scorch                   Fire           16%        2d6       41%         2

Inventory:

Hand Weapons
 g - a -1 hand axe of flaming
 Y - a +0 war axe (weapon)
Missiles
 b - 8 boomerangs (quivered)
Armour
 e - a +0 pair of gloves (worn)
 h - a +0 scale mail (worn)
Scrolls
 d - 2 scrolls of identify
Potions
 a - a potion of might

Dungeon Overview and Level Annotations

Branches:
Dungeon (4/15)
 Temple: D:4-7

Altars:

Shops:
D:2 (


Message History

Something hits you but does no damage.
You are more poisoned.
The orc priest attacks as you move away!
The orc priest hits you with a +0 hand axe.
The orc priest is burned by your cloak of flames.
You kill the orc priest!
You feel sick.
You barely miss something.
You feel very sick.
An endoplasm comes into view.
Something hits you but does no damage.
You are lethally poisoned!
Reactivating autopickup.
You feel a bit more experienced. The orc closely misses you.
The orc hits you but does no damage.
The orc is burned by your cloak of flames.
You kill the orc!
The endoplasm moves out of view.
You're too confused to move!
You feel very sick. The orc hits you but does no damage.
The orc is burned by your cloak of flames.
You kill the orc!
You have reached level 5!
Your demonic ancestry asserts itself...
Your hands glow brighter with unholy energy.
You bump into the rock wall.
You feel less confused.
You feel very sick. The orc completely misses you.
3263 ||| READING scroll of teleportation.
As you read the scroll of teleportation, it crumbles to dust.
You feel strangely unstable.
You feel very sick. The jackal barely misses you.
The jackal bites you but does no damage.
The jackal is burned by your cloak of flames.
You kill the jackal!
The orc barely misses you.
You barely miss the orc. Your touch misses the orc.
You die...

.. ......>## #..
#......#
....#......#
#..........###...
#).[.........
###<#.####..
#.#.#
...###.#.#####...
....$...o@.?.....
.#.###J#)########
#.#w# .....
#...... #...?...
#.......#
#.......#
#.......#


You could see a worm, an orc and an endoplasm.

Vanquished Creatures
  An orc priest (D:4)
  An orc wizard (D:4)
  An adder (D:3)
  3 worms
  A dart slug (D:3)
  4 orcs
  5 ball pythons
  An endoplasm (D:1)
  3 giant cockroaches
  6 hobgoblins
  5 jackals
  2 quokkas (D:1)
  8 bats
  3 frilled lizards
  7 goblins
  4 kobolds
  3 rats
58 creatures vanquished.

Vanquished Creatures (others)
  6 plants (D:1)
6 creatures vanquished.

Grand Total: 64 creatures vanquished

Notes
Turn   | Place    | Note
-------+----------+-------------------------------------------
     0 | D:1      | qw the Demonspawn Cinder Acolyte began the quest for the
                  | Orb.
     0 | D:1      | Reached XP level 1. HP: 18/18 MP: 2/2
     0 | D:1      | 0 ||| qw: Version: 0.1-a-113-g051387a
     0 | D:1      | 0 ||| qw: Game counter: 7117
     0 | D:1      | 0 ||| qw: Always use a shield: true
     0 | D:1      | 0 ||| qw: God list: Okawaru
     0 | D:1      | 0 ||| qw: Allow faded altars: false
     0 | D:1      | 0 ||| qw: Do Orc after D:15 true
     0 | D:1      | 0 ||| qw: Do second Lair branch before Depths: true
     0 | D:1      | 0 ||| qw: Lair rune preference: random
     0 | D:1      | 0 ||| qw: Plans: Normal
     0 | D:1      | 0 ||| PLANNING D:1-11
   110 | D:1      | 110 ||| INVOKING Fiery Armour.
   112 | D:1      | Reached skill level 3 in Axes
   274 | D:1      | Gained mutation: Your touch may inflict minor irresistible
                  | damage on your foes. [demonic ancestry]
   274 | D:1      | Reached XP level 2. HP: 24/24 MP: 3/3
   341 | D:1      | 341 ||| Stepping ~*~*~tactically~*~*~ (stealth).
   350 | D:1      | 350 ||| INVOKING Fiery Armour.
   351 | D:1      | HP: 3/24 [quokka (4)]
  1459 | D:1      | 1459 ||| UPGRADING to +0 leather armour.
  1469 | D:1      | 1469 ||| DROPPING +0 robe.
  1470 | D:1      | 1470 ||| READING scroll labelled UNUIDYI PODGHO.
  1475 | D:1      | 1475 ||| READING scroll labelled GIRAXO CATINIMM.
  1476 | D:1      | 1476 ||| READING scroll labelled GIPNARORUT.
  1477 | D:1      | 1477 ||| READING 2 scrolls labelled WILOABBAMP.
  1478 | D:1      | 1478 ||| DROPPING scroll of blinking.
  1499 | D:2      | 1499 ||| STAIRDANCE
  1511 | D:2      | 1511 ||| INVOKING Fiery Armour.
  1514 | D:2      | Gained mutation: You are partially covered in rugged brown
                  | scales. (AC +1, +3% HP) [demonic ancestry]
  1514 | D:2      | Reached XP level 3. HP: 10/29 MP: 4/4
  1514 | D:2      | 1514 ||| STAIRDANCE
  1833 | D:2      | Found a faded altar of an unknown god.
  1864 | D:2      | 1864 ||| INVOKING Fiery Armour.
  2097 | D:2      | 2097 ||| Stepping ~*~*~tactically~*~*~ (stealth).
  2099 | D:2      | 2099 ||| Stepping ~*~*~tactically~*~*~ (stealth).
  2103 | D:2      | Reached skill level 4 in Axes
  2106 | D:2      | 2106 ||| Stepping ~*~*~tactically~*~*~ (stealth).
  2107 | D:2      | 2107 ||| Stepping ~*~*~tactically~*~*~ (stealth).
  2109 | D:2      | 2109 ||| Stepping ~*~*~tactically~*~*~ (stealth).
  2111 | D:2      | 2111 ||| Stepping ~*~*~tactically~*~*~ (hiding).
  2112 | D:2      | 2112 ||| Stepping ~*~*~tactically~*~*~ (hiding).
  2113 | D:2      | 2113 ||| Stepping ~*~*~tactically~*~*~ (hiding).
  2276 | D:2      | Found Suraa's Weapon Shoppe.
  2281 | D:2      | 2281 ||| SHOPLISTING +2 war axe of venom (194 gold, have
                  | 107).
  2281 | D:2      | 2281 ||| SHOPLISTING +9 hand axe of Severance {venom, *Slow
                  | rPois rN+ Dex+2} (751 gold, have 107).
  2506 | D:2      | 2506 ||| UPGRADING to +0 scale mail.
  2516 | D:2      | 2516 ||| DROPPING +0 leather armour.
  2517 | D:2      | 2517 ||| READING 2 scrolls labelled PUTRE PUCEZIPEKAL.
  2518 | D:2      | 2518 ||| READING scroll labelled BUUXIV GOK XUQ.
  2519 | D:2      | 2519 ||| DRINKING 2 sedimented dark potions.
  2542 | D:2      | 2542 ||| DROPPING potion of lignification.
  2581 | D:3      | 2581 ||| FLEEEEING.
  2582 | D:3      | 2582 ||| FLEEEEING.
  2583 | D:3      | 2583 ||| FLEEEEING.
  2584 | D:3      | 2584 ||| FLEEEEING.
  2585 | D:3      | 2585 ||| FLEEEEING.
  2586 | D:3      | 2586 ||| FLEEEEING.
  2587 | D:3      | 2587 ||| FLEEEEING.
  2588 | D:3      | 2588 ||| FLEEEEING.
  2589 | D:3      | 2589 ||| FLEEEEING.
  2597 | D:3      | 2597 ||| STAIRDANCE
  2721 | D:3      | 2721 ||| Stepping ~*~*~tactically~*~*~ (stealth).
  2722 | D:3      | 2722 ||| Stepping ~*~*~tactically~*~*~ (stealth).
  2724 | D:3      | 2724 ||| Stepping ~*~*~tactically~*~*~ (stealth).
  2734 | D:3      | Reached skill level 1 in Armour
  2833 | D:3      | Reached XP level 4. HP: 35/36 MP: 5/5
  3092 | D:3      | 3092 ||| SWAPPING to +0 war axe.
  3209 | D:3      | 3209 ||| UPGRADING to +0 pair of gloves.
  3214 | D:3      | 3214 ||| READING 2 scrolls labelled GOZXOUKEMAK.
  3215 | D:3      | 3215 ||| READING 4 scrolls of identify.
  3215 | D:3      | 3215 ||| IDENTIFYING amethyst potion
  3216 | D:3      | 3216 ||| READING 3 scrolls of identify.
  3216 | D:3      | 3216 ||| IDENTIFYING silvery potion
  3217 | D:3      | 3217 ||| DROPPING potion of attraction.
  3218 | D:3      | 3218 ||| DROPPING scroll of fear.
  3246 | D:4      | 3246 ||| Stepping ~*~*~tactically~*~*~ (stealth).
  3252 | D:4      | 3252 ||| INVOKING Fiery Armour.
  3261 | D:4      | HP: 7/36 [poisoned by an orc wizard]
  3262 | D:4      | Gained mutation: Your touch may inflict irresistible damage
                  | on your foes. [demonic ancestry]
  3262 | D:4      | Reached XP level 5. HP: 9/42 MP: 6/6
  3263 | D:4      | 3263 ||| READING scroll of teleportation.
  3263 | D:4      | HP: 3/42 [poisoned by an orc wizard]
  3264 | D:4      | Succumbed to an orc wizard's poison

Levels and vault maps discovered:
D:1:      noname_arrival_rooms_in_the_neighbourhood, layout_loops_ring,
          chequers_big_river
D:2:      layout_basic, serial_shops, shop,
          hellmonk_ecumenical_altar_leap_of_faith, minmay_goblin_kobold_house
D:3:      layout_loops_ring, uniq_crazy_yiuf_cottage
D:4:      layout_basic, nicolae_tso_besieged_by_evil, kennysheep_mini_moat,
          uniq_menkaure

Skill      XL: |  1  2  3 |
---------------+----------+-----
Axes           | 3 4 |  4.9
Armour         | 1 |  1.0
Fighting       | |  3.0
Dodging        | |  0.6
Spellcasting   | |  1.0
Fire Magic     | |  2.6

Action                   |  1- 3 |  4- 6 || total
-------------------------+-------+-------++-------
Melee: Hand axe          |   113 |     4 ||   117
       Touch             |    14 |     2 ||    16
       War axe           |       |     8 ||     8
Throw: Boomerang         |    18 |     9 ||    27
Invok: Fiery Armour      |     4 |     1 ||     5
  Use: Scroll            |     6 |     4 ||    10
       Potion            |     1 |       ||     1
Armor: Robe              |    12 |       ||    12
       Leather armour    |    16 |       ||    16
       Scale mail        |    13 |    21 ||    34
Dodge: Dodged            |    54 |    17 ||    71

Table legend:
 A = Non-vault XP
 B = Vault XP
 C = Vault XP percentage of total XP
 D = Non-vault monster count
 E = Vault monster count
 F = Vault count percentage of total count
                 A         B        C        D         E       F
            +---------+---------+-------+---------+---------+-------
      Total |     196 |       3 |   1.5 |      56 |       2 |   3.4
            +---------+---------+-------+---------+---------+-------
        D:1 |      38 |       0 |   0.0 |      24 |       0 |   0.0
        D:2 |      24 |       3 |  11.1 |      12 |       2 |  14.3
        D:3 |      42 |       0 |   0.0 |      12 |       0 |   0.0
        D:4 |      92 |       0 |   0.0 |       8 |       0 |   0.0
            +---------+---------+-------+---------+---------+-------
